 Dungeon Crawl Stone Soup version 0.26.0-45-g9c1d065592 (webtiles) character file.

Game seed: 2256588543174812665

168 hawla the Conjurer (level 5, -7/57 HPs)
             Began as a Draconian Conjurer on Feb 1, 2021.
             Mangled by Blork the orc
             ... wielding a +1 battleaxe of electrocution
              (20 damage)
             ... on level 4 of the Dungeon.
             The game lasted 00:08:00 (3270 turns).

hawla the Conjurer (Draconian Conjurer)             Turns: 3270, Time: 00:08:01

Health: -7/57      AC: 22    Str:  9    XL:     5   Next: 23%
Magic:  1/9        EV:  2    Int: 19    God:
Gold:   153        SH:  0    Dex: 10    Spells: 3/10 levels left

rFire    . . .     SeeInvis .   m - +0 quarterstaff (curse)
rCold    . . .     Faith    .   (shield currently unavailable)
rNeg     + + +     Spirit   .   (armour unavailable)
rPois    +         Reflect  .   (helmet currently unavailable)
rElec    .         Harm     .   (cloak currently unavailable)
rCorr    .         Rampage  .   (gloves currently unavailable)
Will     .....     NoTele   +   (boots currently unavailable)
Stlth    ++........             e - amulet of the acrobat
HPRegen  0.19/turn              (no ring)
MPRegen  0.11/turn              (no ring)

@: tree-form
A: unfitting armour, AC +5
a: no special abilities


You were on level 4 of the Dungeon.
You were a tree.
You visited 1 branch of the dungeon, and saw 4 of its levels.

You collected 153 gold pieces.

Inventory:

Hand Weapons
 m - a cursed +0 quarterstaff (weapon)
Missiles
 j - a boomerang
 k - 7 poisoned darts
Armour
 n - a +0 cloak of stealth (melded)
Jewellery
 c - an uncursed amulet of faith
 e - an amulet of the acrobat (around neck)
Scrolls
 a - a scroll of identify
 b - a scroll of enchant weapon
 i - 3 scrolls of remove curse
Potions
 f - a potion of curing
 h - a potion of invisibility


   Skills:
 - Level 1.7 Dodging
 - Level 1.7 Stealth
 + Level 3.2 Spellcasting
 * Level 5.8 Conjurations
 - Level 1.0 Translocations


You had 3 spell levels left.
You knew the following spells:

 Your Spells              Type           Power        Failure   Level
a - Magic Dart            Conj           100%         1%          1
b - Searing Ray           Conj           50%          1%          2
c - Iskenderun's Mystic   Conj/Tloc      15%          36%         4

Your spell library contained the following spells:

 Spells                   Type           Power        Failure   Level
 Dazzling Flash           Conj/Hex       28%          14%         3
 Fulminant Prism          Conj/Hex       7%           41%         4


Dungeon Overview and Level Annotations

Branches:
Dungeon (4/15)
 Temple: D:4-7

Altars:
Dithmenos

Annotations:
D:3 Sigmund
D:4 Blork the orc, Dowan, Duvessa


Innate Abilities, Weirdness & Mutations

((Your plain brown scales are hard. (AC +5)))
You cannot fit into any form of body armour.
((You are cold-blooded and may be slowed by cold attacks.))


Message History

It is a scroll of amnesia.
Really abort (and waste the scroll)?
Okay, then.
Something completely misses you.
The adder skeleton bites you but does no damage.
The worker ant closely misses you.
Duvessa hits you with a +6 short sword of protection!
The worker ant completely misses you.
You hear some strange, mumbled words.
A puff of flame appears from out of thin air!
The puff of flame hits you!
* * * LOW HITPOINT WARNING * * *
Okay, then.
Really quaff the potion of lignification?
You turn into a tree.
Your +0 cloak of stealth melds into your body.
You feel less stealthy.
Your roots penetrate the ground.
Something hits you.
* * * LOW HITPOINT WARNING * * *
You are electrocuted!!
You die...

.... ....... . .?..
......... . ....
#......... [
#..###.......... $
#....§........... .
#.§§§§.............
#.§Z§§§§.........(.
#.♣{B§§§...........
#.§e§§ZZ...§.......
......§.§§§§..........
.........§#............
.................?......
........................
........................
.......#####............
... #..(..>.....?


You could see Duvessa, a worker ant and an adder skeleton.

Vanquished Creatures
  An orc wizard (D:3)
  Natasha (D:2)
  2 adders
  2 oozes
  A worm (D:2)
  2 leopard geckos (D:2)
  12 orcs (D:3)
  A ball python (D:2)
  A giant cockroach (D:4)
  3 goblins
  10 hobgoblins
  12 jackals
  5 kobolds
  5 bats
  3 frilled lizards (D:2)
  3 rats
64 creatures vanquished.

Notes
Turn   | Place    | Note
-------+----------+-------------------------------------------
     0 | D:1      | hawla the Draconian Conjurer began the quest for the Orb.
     0 | D:1      | Reached XP level 1. HP: 14/14 MP: 3/3
    81 | D:1      | Reached XP level 2. HP: 1/20 MP: 0/5
   427 | D:1      | Learned a level 2 spell: Searing Ray
  1099 | D:1      | Reached XP level 3. HP: 6/26 MP: 2/6
  1938 | D:2      | Reached skill level 5 in Conjurations
  2157 | D:2      | Found a shadowy altar of Dithmenos.
  2194 | D:2      | Noticed Natasha
  2198 | D:2      | Killed Natasha
  2199 | D:2      | Reached XP level 4. HP: 33/33 MP: 2/8
  2204 | D:2      | Learned a level 4 spell: Iskenderun's Mystic Blast
  2873 | D:3      | Reached skill level 1 in Translocations
  2873 | D:3      | Reached XP level 5. HP: 38/38 MP: 1/9
  3065 | D:3      | Noticed Sigmund
  3071 | D:4      | Noticed Duvessa
  3071 | D:4      | Noticed Dowan
  3076 | D:4      | Noticed Blork the orc
  3212 | D:3      | Found a faded altar of an unknown god.
  3270 | D:4      | Mangled by Blork the orc

Illustrated notes

Levels and vault maps discovered:
D:1:      minmay_arrival_plants_in_alcoves, layout_basic, serial_bayou_pond_a,
          minmay_strange_pillars
D:2:      layout_loops_ring, nicolae_dithmenos_shadow_blocks, uniq_natasha
D:3:      layout_basic, chequers_ecumenical_altar_simple, uniq_sigmund
D:4:      layout_basic, tso_oasis_becter, uniq_duvessa, uniq_blork_the_orc

Skill      XL: |  1  2  3  4 |
---------------+-------------+-----
Conjurations   | 5 |  5.8
Spellcasting   | 3 |  3.2
Translocations | 1 |  1.0
Dodging        | |  1.7
Stealth        | |  1.7

Action                   |  1- 3 |  4- 6 || total
-------------------------+-------+-------++-------
Melee: Unarmed           |    66 |     7 ||    73
       Tailslap          |     3 |     2 ||     5
       Quarterstaff      |       |    31 ||    31
 Cast: Magic Dart        |    29 |    12 ||    41
       Searing Ray       |    12 |    16 ||    28
       Iskenderun's Myst |       |     2 ||     2
  Use: Scroll            |     5 |     7 ||    12
       Potion            |     2 |     3 ||     5
Armor: Skin              |    28 |    22 ||    50
Dodge: Dodged            |    82 |    70 ||   152
